 Dungeon Crawl Stone Soup version 0.27-a0-1381-g81fdcbfb23 (webtiles) character file.

Game seed: 14214315455952352659

47 Nattfarinn the Vexing (level 3, 0/20 HPs)
             Began as a Deep Elf Arcane Marksman on June 30, 2021.
             Slain by a jackal (3 damage)
             ... on level 1 of the Dungeon.
             The game lasted 00:03:13 (1881 turns).

Nattfarinn the Vexing (Deep Elf Arcane Marksman)    Turns: 1881, Time: 00:03:14

Health: 0/20       AC:  3    Str:  7    XL:     3   Next: 48%
Magic:  8/8        EV: 13    Int: 17    God:
Gold:   21         SH:  0    Dex: 16    Spells: 6/7 levels left

rFire    . . .     SeeInvis .   c - +0 short sword
rCold    . . .     Faith    .   (no shield)
rNeg     . . .     Spirit   .   d - +0 robe
rPois    .         Reflect  .   (no helmet)
rElec    .         Harm     .   (no cloak)
rCorr    .         Rampage  .   f - +0 pair of gloves
Will     .....                  (no boots)
Stlth    +.........             (no amulet)
HPRegen  0.06/turn              (no ring)
MPRegen  0.11/turn              (no ring)

@: no status effects
A: no striking features
a: no special abilities


You were on level 1 of the Dungeon.
You visited 1 branch of the dungeon, and saw 1 of its levels.

You collected 21 gold pieces.

Inventory:

Hand Weapons
 a - a +0 shortbow
 c - a +0 short sword (weapon)
Missiles
 h - 10 arrows
Armour
 d - a +0 robe (worn)
 f - a +0 pair of gloves (worn)
Scrolls
 b - a scroll of silence {unknown}
 g - a scroll of amnesia {unknown}
Potions
 e - a potion of berserk rage {unknown}
 i - a potion of curing {unknown}


   Skills:
 - Level 0.7 Fighting
 - Level 2.6 Bows
 + Level 3.1 Dodging
 + Level 2.5 Spellcasting
 * Level 5.2 Hexes


You had 6 spell levels left.
You knew the following spells:

 Your Spells              Type           Power      Damage    Failure   Level
a - Corona                Hex            21%        N/A       2%          1

Your spell library contained the following spells:

 Spells                   Type           Power      Damage    Failure   Level
 Slow                     Hex            19%        N/A       3%          2
 Inner Flame              Hex/Fire       11%        N/A       19%         3
 Portal Projectile        Hex/Tloc       22%        N/A       19%         3
 Cause Fear               Hex            9%         N/A       22%         4
 Leda's Liquefaction      Hex/Erth       5%         N/A       54%         4


Dungeon Overview and Level Annotations

Branches:
Dungeon (1/15)

Altars:


Message History

You closely miss the jackal.
The jackal is severely wounded.
The jackal misses you.
You hit the jackal.
You kill the jackal!
The jackal misses you.
You hit the jackal.
The jackal is severely wounded.
The jackal misses you.
You closely miss the jackal.
The jackal is severely wounded.
The jackal completely misses you. The jackal misses you.
You hit the jackal.
You kill the jackal!
You hit the rat.
You kill the rat!
You hit the kobold.
The kobold is heavily wounded.
The kobold hits you with a +0 dagger. The kobold hits you but does no damage.
You hit the kobold but do no damage.
The kobold is heavily wounded.
The kobold completely misses you.
You closely miss the kobold.
The kobold is heavily wounded.
The kobold hits you with a +0 dagger.
You barely miss the kobold.
The kobold is heavily wounded.
The kobold barely misses you.
You hit the kobold.
You kill the kobold!
The jackal bites you.
* * * LOW HITPOINT WARNING * * *
You hit the jackal.
The jackal is almost dead.
The jackal misses you. The jackal bites you.
* * * LOW HITPOINT WARNING * * *
You closely miss the jackal.
The jackal is almost dead.
The jackal bites you.
You die...

######## ..K...# .r...# ###
#...# ##.## #..# ##.#.##
#..#####.###.#########
#...h@..## ##.........
#.####.## ##........ #.
#..## ##.###.#### #.
##.#.###.####..### #.
#...............## #
#.###.#.#..###..###.## ##.
..#.....#.#..#.#..#...#
#...#.#.###.###..#.#..###.#
#..#..#.###...............#


You could see a jackal.

Vanquished Creatures
  3 dart slugs (D:1)
  3 endoplasms (D:1)
  2 giant cockroaches (D:1)
  4 goblins (D:1)
  3 hobgoblins (D:1)
  5 jackals (D:1)
  4 kobolds (D:1)
  2 quokkas (D:1)
  3 ball pythons (D:1)
  3 bats (D:1)
  3 frilled lizards (D:1)
  2 rats (D:1)
37 creatures vanquished.

Notes
Turn   | Place    | Note
-------+----------+-------------------------------------------
     0 | D:1      | Nattfarinn the Deep Elf Arcane Marksman began the quest for
                  | the Orb.
     0 | D:1      | Reached XP level 1. HP: 11/11 MP: 5/5
   305 | D:1      | Reached XP level 2. HP: 16/16 MP: 6/6
  1039 | D:1      | Reached XP level 3. HP: 20/20 MP: 8/8
  1158 | D:1      | Reached skill level 5 in Hexes
  1881 | D:1      | Slain by a jackal

Illustrated notes

Levels and vault maps discovered:
D:1:      dpeg_arrival_shelter, layout_loops_ring, kennysheep_crisscross,
          minmay_misc_feat_nine_boxes, minmay_curled_crystal,
          minmay_misc_feat_hallway, nrook_campfire,
          hangedman_abyss_or_decor_lesser_grid, minmay_misc_feat_alley

Skill      XL: |  1  2  3 |
---------------+----------+-----
Spellcasting   | 2 |  2.5
Dodging        | 3 |  3.1
Hexes          | 5 |  5.2
Fighting       | |  0.7
Bows           | |  2.6

Action                   || total
-------------------------++-------
Melee: Unarmed           ||     4
       Short sword       ||    47
 Fire: Shortbow          ||    79
 Cast: Corona            ||     3
 Stab: Sleeping          ||     2
Armor: Robe              ||    18
Dodge: Dodged            ||    54

Table legend: (Time is in decaauts)
 A = Elapsed time spent in this place.
 B = Non-inter-level travel time spent in this place.
 C = Inter-level travel time spent in this place.
 D = Time resting spent in this place.
 E = Time spent auto-exploring this place.
 F = Levels seen in this place.
 G = Mean time per level.
                   A        B        C        D        E       F      G
               +--------+--------+--------+--------+--------+-----+--------+
         Total |   1896 |   1893 |      3 |    235 |   1348 |   1 | 1896.0 |
       Dungeon |   1896 |   1893 |      3 |    235 |   1348 |   1 | 1896.0 |
               +--------+--------+--------+--------+--------+-----+--------+

Top non-repeatable levels by time:
     D:1: 1896 daAuts
